Construct Infanterie Kompanie
Selects Breakthrough Battlegroup
Selects Assault Grenadiers
Infanterie Officer Quarters
Construct Panzergrenadier Kompanie
Pak 40 Anti-tank Gun Team
Pak 40 Anti-tank Gun Team
Construct Panzer Kompanie
Pak 40 Anti-tank Gun Team
Selects Incendiary Bombing Run